 Dungeon Crawl Stone Soup version 0.30-a0-1160-g6e42c06551 (webtiles) character file.

Game seed: 2944805247380637389

31 freelancePsychic the Sneak (level 3, -2/20 HPs)
             Began as a Vine Stalker Delver on Apr 26, 2023.
             Slain by Grinder (6 damage)
             ... on level 5 of the Dungeon.
             The game lasted 00:01:47 (108 turns).

freelancePsychic the Sneak (Vine Stalker Delver)     Turns: 108, Time: 00:01:48

Health: -2/20      AC:  3    Str: 14    XL:     3   Next: 22%
Magic:  0/4        EV: 11    Int: 10    God:
Gold:   0          SH:  0    Dex: 17    Spells: 2/2 levels left

rFire   . . .        a - +0 short sword
rCold   . . .        (no shield)
rNeg    . . .        b - +0 leather armour
rPois   .            (no helmet)
rElec   .            (no cloak)
rCorr   .            (no gloves)
SInv    .            (no boots)
Will    .....        (no amulet)
Stlth   +++          (no ring)
HPRegen 0.23/turn    (no ring)
MPRegen 0.09/turn

%: guardian spirit
@: no status effects
A: fangs 2, magic shield, antimagic bite, no potion heal 2
a: no special abilities


You were on level 5 of the Dungeon.
You visited 1 branch of the dungeon, and saw 1 of its levels.

Inventory:

Hand Weapons
 a - a +0 short sword (weapon)
Armour
 b - a +0 leather armour (worn)
Wands
 g - a wand of digging (3)
Scrolls
 c - a scroll of fog


   Skills:
 + Level 3.0 Fighting
 * Level 2.6 Short Blades
 - Level 1.5 Dodging
 + Level 6.3 Stealth


You had 2 spell levels left.
You didn't know any spells.
Your spell library was empty.

Dungeon Overview and Level Annotations

Branches:
Dungeon (5/15)             Temple (0/1) D:5

Altars:
Makhleb

Annotations:
D:5 Grinder


Innate Abilities, Weirdness & Mutations

You have extremely sharp teeth.
When hurt, damage is shared between your health and your magic reserves.
Your bite disrupts and absorbs the magic of your enemies.
Potions cannot restore your health.


Message History

Unknown command.
Unknown command.
Unknown command.
Grinder attacks as you move away! Grinder hits you.
You writhe in agony.
Grinder gestures at you.
You barely resist.
As you read the scroll of fear, it crumbles to dust.
You assume a fearsome visage.
Grinder looks frightened!
Grinder blinks!
An orc priest comes into view. It is wielding a +0 hand axe.
Found a staircase to the Ecumenical Temple.
The orc priest shouts!
You see here a scroll labelled YKU REMEL UKHLOVA.
d - a scroll labelled YKU REMEL UKHLOVA A jelly comes into view.
As you read the scroll labelled YKU REMEL UKHLOVA, it crumbles to dust.
You hear the flapping of tiny wings.
It was a scroll of butterflies.
The orc priest completely misses your butterfly.
The orc priest hits your butterfly with a +0 hand axe.
Your butterfly dies!
Your butterfly disappears in a burst of colours!
The orc priest hits your butterfly with a +0 hand axe.
Your butterfly dies!
Your butterfly disappears in a burst of colours!
The orc priest hits your butterfly with a +0 hand axe.
Your butterfly dies!
Your butterfly disappears in a burst of colours!
You swap places.
The jelly hits something.
The orc priest looks braver for a moment.
You swap places.
Something barely misses your butterfly.
You swap places.
You swap places.
You swap places.
There is an escape hatch in the floor here.
The orc priest invokes the aid of Beogh against you.
Beogh smites you!
* * * LOW HITPOINT WARNING * * *
You swap places.
Something closely misses your butterfly. x2
Grinder hits you!
You die...

,,,,,,,,,,,,,*,#b.b##
***,*,,,,,*,*#.#..##
,,,,**,,,**,*#.#.b#
***********,*#.#>.#
*,##b#..# #.#.bb.b#
##...bb..#
#***#≈≈#.#b#.#
##⌠*⌠##≈.###@.#
#≈≈≈~~#≈## ##5#
*#≈...~#≈.###.##
*⌠≈...≈#≈..#.##
*#≈._..'..#.##
*⌠≈...≈#≈.#.#
*#≈§..~#≈.#.#
#≈§§~~#≈.#.#
##⌠*⌠*#≈.#.#


You could see Grinder.

Vanquished Creatures
  An orc wizard (D:5)
  3 orcs (D:5)
4 creatures vanquished.

Notes
Turn   | Place    | Note
-------+----------+-------------------------------------------
     0 | D:5      | freelancePsychic the Vine Stalker Delver began the quest
                  | for the Orb.
     0 | D:5      | Reached XP level 1. HP: 11/11 MP: 2/2
    25 | D:5      | Noticed an orc wizard
    48 | D:5      | Killed an orc wizard
    49 | D:5      | Reached XP level 2. HP: 9/16 MP: 3/3
    49 | D:5      | Reached XP level 3. HP: 12/20 MP: 4/4
    71 | D:5      | Found a burning altar of Makhleb.
    77 | D:5      | Noticed Grinder
    89 | D:5      | Paralysed by Grinder for 2 turns
    93 | D:5      | Found a staircase to the Ecumenical Temple.
   108 | D:5      | Slain by Grinder

Illustrated notes

Levels and vault maps discovered:
D:5:      layout_loops_ring, lightli_temple_of_fire,
          minmay_temple_entry_proselytizer, minmay_crystal_water, uniq_grinder

Skill      XL: |  1 |
---------------+----+-----
Short Blades   | 2 |  2.6
Fighting       | 3 |  3.0
Dodging        | |  1.5
Stealth        | |  6.3

Action                     || total
---------------------------++-------
  Melee: Short sword       ||    23
         Bite              ||     8
    Use: Scroll            ||     3
         Potion            ||     1
   Stab: Sleeping          ||     2
 Armour: Leather armour    ||     2
  Dodge: Dodged            ||     4

Table legend: (Time is in decaauts)
 A = Elapsed time spent in this place.
 B = Non-inter-level travel time spent in this place.
 C = Inter-level travel time spent in this place.
 D = Time resting spent in this place.
 E = Time spent auto-exploring this place.
 F = Levels seen in this place.
 G = Mean time per level.
                   A        B        C        D        E       F      G
               +--------+--------+--------+--------+--------+-----+--------+
         Total |     87 |     87 |      0 |      0 |      0 |   1 |   87.0 |
       Dungeon |     87 |     87 |      0 |      0 |      0 |   1 |   87.0 |
               +--------+--------+--------+--------+--------+-----+--------+

Top non-repeatable levels by time:
     D:5: 87 daAuts
